 Dungeon Crawl Stone Soup version 0.24.1-14-gf8d2b509d9 (webtiles) character file.

Game seed: 6353419978935677016, levelgen mode: deterministic

1592 Arch the Chopper (level 8, 0/64 HPs)
             Began as a Demonspawn Skald on May 30, 2020.
             Was a Follower of Vehumet.
             Slain by a meliai zombie (5 damage)
             ... on level 7 of the Dungeon.
             The game lasted 00:53:49 (5850 turns).

Arch the Chopper (Demonspawn Skald)                 Turns: 5850, Time: 00:53:49

Health: 0/64       AC: 10    Str: 14    XL:     8   Next: 61%
Magic:  13/13      EV: 12    Int: 14    God:    Vehumet [*.....]
Gold:   240        SH:  0    Dex: 13    Spells: 8/14 levels left

rFire    . . .     SeeInvis +   q - +0 war axe
rCold    . . .     Gourm    .   (no shield)
rNeg     . . .     Faith    .   x - +1 leather armour {rPois}
rPois    +         Spirit   .   f - +0 helmet
rElec    .         Reflect  .   h - +0 cloak
rCorr    .         Harm     .   (no gloves)
MR       .....     Clarity  +   j - +0 pair of boots
Stlth    ++........             (no amulet)
HPRegen  0.20/turn              u - ring of see invisible
MPRegen  0.13/turn              (no ring)

@: no status effects
A: rugged brown scales 2, clarity, powered by pain 2, shaggy fur 1
a: Renounce Religion


You were on level 7 of the Dungeon.
You worshipped Vehumet.
Vehumet was aware of your devotion.
You were hungry.

You visited 2 branches of the dungeon, and saw 8 of its levels.

You collected 240 gold pieces.

Inventory:

Hand Weapons
 q - a +0 war axe (weapon)
Missiles
 b - 2 boomerangs
 e - 190 stones (quivered)
 g - 82 arrows
 z - 16 poisoned darts
Armour
 f - a +0 helmet (worn)
 h - a +0 cloak (worn)
 j - a +0 pair of boots (worn)
 x - a +1 leather armour of poison resistance (worn)
 C - a +0 leather armour of fire resistance
Jewellery
 u - a ring of see invisible (left hand)
 w - an uncursed ring of teleportation
Wands
 c - a wand of flame (14)
 l - a wand of polymorph (7)
 y - a wand of clouds (5)
Scrolls
 i - a scroll of amnesia
 o - a scroll of blinking
 r - 4 scrolls of identify
 s - a scroll of immolation
 v - a scroll of remove curse
 A - a scroll of magic mapping
 D - a scroll of random uselessness {unknown}
 E - 2 scrolls of teleportation
Potions
 a - a potion of ambrosia {unknown}
 k - a potion of curing
 m - a potion of lignification {unknown}
 n - a potion of flight
 p - a potion of degeneration {unknown}
 t - a potion of heal wounds
Comestibles
 d - 12 rations


   Skills:
 * Level 4.6 Fighting
 * Level 6.8 Axes
 - Level 2.0 Throwing
 - Level 2.0 Armour
 - Level 2.0 Dodging
 - Level 2.0 Stealth
 + Level 3.5 Spellcasting
 - Level 3.0 Charms
 * Level 3.2 Necromancy
 - Level 2.0 Translocations


You had 8 spell levels left.
You knew the following spells:

 Your Spells              Type           Power        Failure   Level  Hunger
a - Infusion              Chrm           ##..         8%          1    #......
b - Shroud of Golubria    Chrm/Tloc      #.....       14%         2    ##.....
c - Regeneration          Chrm/Necr      ##........   21%         3    ###....

Your spell library contained the following spells:

 Spells                   Type           Power        Failure   Level  Hunger
 Sting                    Conj/Pois      #...         26%         1    #......
 Song of Slaying          Chrm           ##......     11%         2    ##.....
 Flame Tongue             Conj/Fire      #....        26%         1    #......
 Throw Flame              Conj/Fire      #.....       36%         2    ##.....
 Spectral Weapon          Hex/Chrm       #.......     38%         3    ###....
 Conjure Flame            Conj/Fire      #.......     58%         3    ###....
 Inner Flame              Hex/Fire       #.......     58%         3    ###....
 Sticky Flame             Conj/Fire      #.......     94%         4    #####..
 Fireball                 Conj/Fire      #.........   100%        5    ######.


Dungeon Overview and Level Annotations

Branches:
Dungeon (7/15)             Temple (1/1) D:6

Altars:
Ashenzari
Elyvilon
Fedhas
Gozag
Hepliaklqana
Okawaru
Qazlal
Trog
Uskayaw
Vehumet
Yredelemnul
Zin
The Shining One

Shops:
D:5 *


Innate Abilities, Weirdness & Mutations

You are mostly covered in rugged brown scales. (AC +2, +5% HP)
You sometimes gain power by taking damage.
You possess an exceptional clarity of mind.
You are covered in fur. (AC +1)


Message History

The meliai zombie hits you.
* * * LOW HITPOINT WARNING * * *
The meliai zombie closely misses you.
The meliai zombie hits you but does no damage. x2
The shadow imp shouts, "Embrace thy doom, thou reeling-ripe hedge-born hedge-pig!"
The meliai zombie hits you!
* * * LOW HITPOINT WARNING * * *
You focus on the pain.
You feel your power returning.
The meliai zombie hits you but does no damage.
The meliai zombie hits you but does no damage.
The meliai zombie closely misses you. The meliai zombie hits you.
* * * LOW HITPOINT WARNING * * *
The meliai zombie misses you.
There is a stone staircase leading up here.
You can't go down here!
Unknown command.
The meliai zombie hits you but does no damage. x2
The meliai zombie hits you.
You die...

#...## #....#
#....# # #....# ..
###+##....# ...
#.........# ..#
#........## ...#
#..5.4ZZ.##....##
#.@Z##..Z'.5....#
#...##...#5......
..........##......
............#
....8.
....##........#
.88.. #+##
#...##...# .5...
....##...# ....
....#..... ....


You could see a hellwing, a shadow imp, a meliai zombie and 2 centaur warrior
skeletons.

Vanquished Creatures
  Sigmund (D:5)
  Eustachio (D:5)
  Menkaure (D:5)
  An ice beast (D:5)
  A centaur (D:6)
  2 bullfrogs
  2 scorpions
  A howler monkey (D:4)
  3 electric eels (D:3)
  A centaur zombie (D:5)
  3 hounds
  A jelly (D:5)
  2 orc wizards
  A bullfrog skeleton (D:4)
  3 orc priests
  A centaur skeleton (D:5)
  An iguana (D:5)
  A statue (D:4)
  A hound skeleton (D:4)
  A howler monkey zombie (D:6)
  8 adders
  A shadow imp (D:5)
  4 oozes
  An adder skeleton (D:6)
  3 worms
  3 leopard geckos (D:5)
  14 orcs
  A ball python (D:1)
  8 giant cockroaches
  7 goblins
  9 hobgoblins
  7 jackals
  4 kobolds
  2 quokkas
  5 bats
  4 frilled lizards
  A giant cockroach zombie (D:5)
  A jackal skeleton (D:6)
  A leopard gecko zombie (D:5)
  A quokka skeleton (D:4)
  9 rats
123 creatures vanquished.

Notes
Turn   | Place    | Note
-------+----------+-------------------------------------------
     0 | D:1      | Arch the Demonspawn Skald began the quest for the Orb.
     0 | D:1      | Reached XP level 1. HP: 16/16 MP: 3/3
    76 | D:1      | Reached skill level 1 in Armour
   123 | D:1      | Gained mutation: You are partially covered in rugged brown
                  | scales. (AC +1, +3% HP) [demonic ancestry]
   123 | D:1      | Reached XP level 2. HP: 9/22 MP: 0/5
   161 | D:1      | Reached skill level 2 in Axes
   350 | D:1      | Reached XP level 3. HP: 17/27 MP: 0/6
  1303 | D:2      | Gained mutation: You sometimes gain a little power by
                  | taking damage. [demonic ancestry]
  1303 | D:2      | Reached XP level 4. HP: 29/35 MP: 3/7
  1460 | D:3      | Found a transporter.
  1479 | D:3      | Learned a level 2 spell: Shroud of Golubria
  1483 | D:3      | Learned a level 3 spell: Regeneration
  1490 | D:3      | Reached skill level 1 in Throwing
  1490 | D:3      | Reached skill level 1 in Stealth
  1667 | D:3      | Gained mutation: You are mostly covered in rugged brown
                  | scales. (AC +2, +5% HP) [demonic ancestry]
  1667 | D:3      | Reached XP level 5. HP: 35/42 MP: 4/8
  1889 | D:3      | HP: 2/42 [electric eel/bolt of electricity (5)]
  2181 | D:3      | Found a transporter.
  2492 | D:3      | Reached skill level 3 in Axes
  2770 | D:4      | Gained mutation: You sometimes gain power by taking damage.
                  | [demonic ancestry]
  2770 | D:4      | Reached XP level 6. HP: 38/49 MP: 0/9
  2801 | D:4      | Reached skill level 1 in Necromancy
  2805 | D:4      | Gained mutation: Your mind is acute. (Int +2) [potion of
                  | mutation]
  2805 | D:4      | Gained mutation: You are covered in fur. (AC +1) [potion of
                  | mutation]
  2847 | D:4      | Reached skill level 1 in Translocations
  2887 | D:4      | Found a radiant altar of Vehumet.
  3027 | D:4      | Became a worshipper of Vehumet
  3290 | D:4      | Lost mutation: Your mind is acute. (Int +2) [potion of
                  | mutation]
  3290 | D:4      | Lost mutation: You are covered in fur. (AC +1) [potion of
                  | mutation]
  3290 | D:4      | Gained mutation: You are covered in fur. (AC +1) [potion of
                  | mutation]
  3290 | D:4      | Gained mutation: You possess an exceptional clarity of
                  | mind. [potion of mutation]
  3573 | D:4      | Found a blossoming altar of Fedhas.
  3618 | D:5      | Entered Level 5 of the Dungeon
  3654 | D:5      | Reached skill level 4 in Axes
  3654 | D:5      | Reached XP level 7. HP: 51/54 MP: 8/11
  3673 | D:5      | Noticed Eustachio
  3706 | D:5      | Killed Eustachio
  4048 | D:5      | Noticed Menkaure
  4056 | D:5      | Reached skill level 5 in Axes
  4059 | D:5      | Killed Menkaure
  4063 | D:5      | Reached * piety under Vehumet
  4063 | D:5      | Offered knowledge of Sting by Vehumet.
  4217 | D:5      | Reached XP level 8. HP: 63/63 MP: 8/12
  4311 | D:5      | Noticed Sigmund
  4330 | D:5      | Killed Sigmund
  4449 | D:5      | Reached skill level 6 in Axes
  4526 | D:5      | Found Uptohoax's General Store.
  5630 | D:6      | Found a hazy altar of Hepliaklqana.
  5705 | D:6      | Found a staircase to the Ecumenical Temple.
  5711 | Temple   | Entered the Ecumenical Temple
  5841 | D:7      | Noticed a hellwing
  5850 | D:7      | Slain by a meliai zombie

Levels and vault maps discovered:
D:1:      elethiomel_arrival_quiet, layout_basic
D:2:      wander_river, layout_basic, serial_glass, glass_columns_b,
          glass_columns_a, feat_on_display, item_on_display_a, feat_on_display,
          first_ration, corexii_corridor_pit, kennysheep_generic_room_7
D:3:      gammafunk_steamed_eel, layout_basic
D:4:      layout_loops_ring, vehumet_statue, fedhas_altar_4
D:5:      layout_layer_cave, serial_shops, kennysheep_mini_moat, uniq_menkaure,
          uniq_eustachio, uniq_sigmund
D:6:      layout_rooms, marbit_many_paths, minmay_temple_entry_fiery,
          minivault_24
D:7:      cheibrodos_grave_circle, layout_gridville, kennysheep_little_box,
          gammafunk_temple_overflow_claw, enter_bailey_2
Temple:   cyrus_temple_forest

Skill      XL: |  1  2  3  4  5  6  7  8 |
---------------+-------------------------+-----
Armour         | 1 2 |  2.0
Axes           | 2 3 4 5 6 |  6.8
Dodging        | 2 |  2.0
Charms         | 3 |  3.0
Throwing       | 1 2 |  2.0
Stealth        | 1 2 |  2.0
Fighting       | 3 4 |  4.6
Necromancy     | 1 2 3 |  3.2
Translocations | 1 2 |  2.0
Spellcasting   | 3 |  3.5

Action                   |  1- 3 |  4- 6 |  7- 9 || total
-------------------------+-------+-------+-------++-------
Melee: Hand axe          |   123 |   153 |       ||   276
       War axe           |       |    26 |   181 ||   207
 Cast: Infusion          |    22 |    17 |    21 ||    60
       Shroud of Golubri |       |     7 |    12 ||    19
Evoke: Wand              |       |     5 |       ||     5
  Use: Potion            |       |     8 |     1 ||     9
       Scroll            |       |     3 |     5 ||     8
 Stab: Sleeping          |     1 |       |       ||     1
  Eat: Chunk             |     2 |     4 |     5 ||    11
       Ration            |       |     1 |     1 ||     2
Armor: Leather armour    |    42 |    57 |    94 ||   193
Dodge: Dodged            |    78 |   122 |   145 ||   345
